NWL (28 & UNDER)
RIVERSIDE RED BULLS @ BISMARK BORDER GUARDS
08/13/2024
 
TOP OF THE 1ST
Riverside Red Bulls batting - Pitching for Bismark Border Guards : LHP Jim Evens
Pitching: LHP Jim Evens
Batting: RHB William Richardson 0-0: Called Strike
0-1: Foul Ball, location: 2F
0-2: SINGLE (Line Drive, 8LS)
Batting: RHB Dan Williams 0-0: Ball
Error on foul ball, E7
1-1: Called Strike
1-2: Foul Ball, location: 2F
1-2: Foul Ball, location: 2F
1-2: Ball
2-2: Ball
3-2: Foul Ball, location: 2F
3-2: Foul Ball, location: 2F
3-2: Base on Balls
William Richardson to second
Batting: RHB Brandon Pope 0-0: Called Strike
0-1: Called Strike
0-2: Foul Ball, location: 2F
0-2: Foul Ball, location: 2F
0-2: Strikes out swinging
Batting: RHB Kevin Brown 0-0: Ball
1-0: Ball
2-0: Ball
3-0: Called Strike
3-1: Called Strike
3-2: Base on Balls
William Richardson to third
Dan Williams to second
Batting: RHB Soshu Nakamura 0-0: Called Strike
0-1: Ball
1-1: Called Strike
1-2: Foul Ball, location: 2F
1-2: Strikes out looking
Batting: RHB Kelly Jones 0-0: Ball
1-0: SINGLE (Flyball, 89S)
William Richardson scores
Dan Williams to third
Kevin Brown to second
Runner from 3rd tries for Home, SAFE, no throw or cutoff
Batting: RHB Earnest Finnegan 0-0: Swinging Strike
0-1: Called Strike
0-2: Ball
1-2: Ball
2-2: Foul Ball, location: 2F
2-2: Strikes out looking
Top of the 1st over - 2 run(s), 2 hit(s), 1 error(s), 2 left on base; Riverside 2 - Bismark 0
BOTTOM OF THE 1ST
Bismark Border Guards batting - Pitching for Riverside Red Bulls : RHP Jack Walker
Pitching: RHP Jack Walker
Batting: RHB Aaron Holt 0-0: Called Strike
0-1: Ball
1-1: Ball
2-1: Swinging Strike
2-2: Strikes out swinging
Batting: LHB Jim Jensen 0-0: Foul Ball, location: 2F
0-1: Swinging Strike
0-2: Ball
1-2: Strikes out swinging
Batting: SHB Glenn Vadnais 0-0: Swinging Strike
0-1: SOLO HOME RUN (Flyball, 89XD), Distance : 409 ft
Batting: RHB Mike Wright 0-0: Ball
1-0: Swinging Strike
1-1: Ball
2-1: Swinging Strike
2-2: Ball
3-2: Strikes out looking
Bottom of the 1st over - 1 run(s), 1 hit(s), 0 error(s), 0 left on base; Riverside 2 - Bismark 1
TOP OF THE 2ND
Riverside Red Bulls batting - Pitching for Bismark Border Guards : LHP Jim Evens
Batting: RHB Júlio García 0-0: SINGLE (Groundball, 56D)
Batting: LHB Paco Rivera 0-0: Grounds into double play, 4-6-3 (Groundball, 4)
Batting: RHB William Richardson 0-0: Foul Ball, location: 2F
0-1: Ball
1-1: Foul Ball, location: 2F
1-2: Foul Ball, location: 2F
1-2: Ball
2-2: Foul Ball, location: 2F
2-2: Ball
3-2: Fly out, F9 (Flyball, 9D)
Top of the 2nd over - 0 run(s), 1 hit(s), 0 error(s), 0 left on base; Riverside 2 - Bismark 1
BOTTOM OF THE 2ND
Bismark Border Guards batting - Pitching for Riverside Red Bulls : RHP Jack Walker
Batting: LHB Rusty Herbert 0-0: Swinging Strike
0-1: Ball
1-1: Foul Ball, location: 2F
1-2: Strikes out swinging
Batting: RHB José Cintrón 0-0: Ball
1-0: Foul Ball, location: 2F
1-1: Called Strike
1-2: Strikes out swinging
Batting: RHB Alejandro Ramos 0-0: Ball
1-0: Ball
2-0: Swinging Strike
2-1: Ball
3-1: Base on Balls
Batting: RHB Salvador Borbón 0-0: Called Strike
0-1: Foul Ball, location: 2F
0-2: Ball
1-2: Foul Ball, location: 2F
1-2: Ball
2-2: SINGLE (Flyball, 8LS)
Alejandro Ramos to second
Batting: RHB Tomás Carranza 0-0: Called Strike
0-1: Ball
1-1: Ball
2-1: Foul Ball, location: 2F
2-2: Strikes out swinging
Bottom of the 2nd over - 0 run(s), 1 hit(s), 0 error(s), 2 left on base; Riverside 2 - Bismark 1
TOP OF THE 3RD
Riverside Red Bulls batting - Pitching for Bismark Border Guards : LHP Jim Evens
Batting: RHB Dan Williams 0-0: Ground out 6-3 (Groundball, 6)
Batting: RHB Brandon Pope 0-0: Foul Ball, location: 2F
0-1: Called Strike
0-2: Ball
1-2: Ball
2-2: Ball
3-2: Foul Ball, location: 2F
3-2: SINGLE (Line Drive, 34)
Batting: RHB Kevin Brown 0-0: DOUBLE (Flyball, 9LM)
Brandon Pope to third
Batting: RHB Soshu Nakamura 0-0: Called Strike
0-1: Ground out 4-3 (Groundball, 4M)
Brandon Pope scores
Kevin Brown to third
Batting: RHB Kelly Jones 0-0: Called Strike
0-1: Ball
1-1: Ground out 4-3 (Groundball, 4)
Top of the 3rd over - 1 run(s), 2 hit(s), 0 error(s), 1 left on base; Riverside 3 - Bismark 1
BOTTOM OF THE 3RD
Bismark Border Guards batting - Pitching for Riverside Red Bulls : RHP Jack Walker
Batting: RHB Aaron Holt 0-0: Called Strike
0-1: Swinging Strike
0-2: Ball
1-2: Strikes out swinging
Batting: LHB Jim Jensen 0-0: Foul Ball, location: 2F
0-1: Ball
1-1: Ground out U3 (Groundball, 3S)
Batting: SHB Glenn Vadnais 0-0: Ball
1-0: Ball
2-0: Ball
3-0: Called Strike
3-1: Base on Balls
Batting: RHB Mike Wright 0-0: Foul Ball, location: 2F
0-1: Ball
Wild Pitch!
Glenn Vadnais to second
1-1: Called Strike
1-2: Foul Ball, location: 2F
1-2: Ball
2-2: Ground out 5-3 (Groundball, 5L)
Bottom of the 3rd over - 0 run(s), 0 hit(s), 0 error(s), 1 left on base; Riverside 3 - Bismark 1
TOP OF THE 4TH
Riverside Red Bulls batting - Pitching for Bismark Border Guards : LHP Jim Evens
Batting: RHB Earnest Finnegan 0-0: Ball
1-0: Ball
2-0: Called Strike
2-1: Foul Ball, location: 2F
2-2: Strikes out swinging
Batting: RHB Júlio García 0-0: Ball
1-0: Foul Ball, location: 2F
1-1: Foul Ball, location: 2F
1-2: Ground out 6-3 (Groundball, 6)
Batting: LHB Paco Rivera 0-0: SINGLE (Groundball, 56D)
Batting: RHB William Richardson 0-0: Called Strike
0-1: Ball
1-1: Called Strike
1-2: Ball
2-2: Foul Ball, location: 2F
2-2: Ball
3-2: Base on Balls
Paco Rivera to second
Batting: RHB Dan Williams 0-0: Ball
1-0: Swinging Strike
1-1: Foul Ball, location: 2F
1-2: Ground out 5-3 (Groundball, 5S)
Top of the 4th over - 0 run(s), 1 hit(s), 0 error(s), 2 left on base; Riverside 3 - Bismark 1
BOTTOM OF THE 4TH
Bismark Border Guards batting - Pitching for Riverside Red Bulls : RHP Jack Walker
Batting: LHB Rusty Herbert 0-0: Ball
1-0: Ground out 1-3 (Groundball, 15)
Batting: RHB José Cintrón 0-0: Ball
1-0: Foul Ball, location: 2F
1-1: Ball
2-1: Ball
3-1: Base on Balls
Batting: RHB Alejandro Ramos 0-0: Grounds into double play, 6-4-3 (Groundball, 6)
Bottom of the 4th over - 0 run(s), 0 hit(s), 0 error(s), 0 left on base; Riverside 3 - Bismark 1
TOP OF THE 5TH
Riverside Red Bulls batting - Pitching for Bismark Border Guards : LHP Jim Evens
Batting: RHB Brandon Pope 0-0: Called Strike
0-1: Swinging Strike
0-2: Ground out 4-3 (Groundball, 34)
Batting: RHB Kevin Brown 0-0: Called Strike
0-1: Foul Ball, location: 2F
0-2: Foul Ball, location: 2F
0-2: Ball
1-2: Strikes out swinging
Batting: RHB Soshu Nakamura 0-0: DOUBLE (Popup, 7LS)
Batting: RHB Kelly Jones 0-0: Foul Ball, location: 2F
0-1: Swinging Strike
0-2: Fly out, F8 (Line Drive, 8LD)
Top of the 5th over - 0 run(s), 1 hit(s), 0 error(s), 1 left on base; Riverside 3 - Bismark 1
BOTTOM OF THE 5TH
Bismark Border Guards batting - Pitching for Riverside Red Bulls : RHP Jack Walker
Batting: RHB Salvador Borbón 0-0: Called Strike
0-1: Foul Ball, location: 2F
0-2: Ball
1-2: Foul Ball, location: 2F
1-2: Ball
2-2: Strikes out swinging
Batting: RHB Tomás Carranza 0-0: Called Strike
0-1: Called Strike
0-2: Strikes out swinging
Batting: RHB Aaron Holt 0-0: Ball
1-0: Reached on error, E6 (Groundball, 6M)
Batting: LHB Jim Jensen 0-0: Called Strike
0-1: Ground out 4-3 (Groundball, 4)
Bottom of the 5th over - 0 run(s), 0 hit(s), 1 error(s), 1 left on base; Riverside 3 - Bismark 1
TOP OF THE 6TH
Riverside Red Bulls batting - Pitching for Bismark Border Guards : LHP Jim Evens
Batting: RHB Earnest Finnegan 0-0: Called Strike
0-1: Foul Ball, location: 2F
0-2: Foul Ball, location: 2F
0-2: Ball
1-2: Ground out 6-3 (Groundball, 6M)
Pitching: RHP Beau Murphy
Batting: RHB Júlio García 0-0: Fly out, F4 (Popup, 4S)
Batting: LHB Paco Rivera 0-0: Called Strike
0-1: Swinging Strike
0-2: Strikes out swinging
Top of the 6th over - 0 run(s), 0 hit(s), 0 error(s), 0 left on base; Riverside 3 - Bismark 1
BOTTOM OF THE 6TH
Bismark Border Guards batting - Pitching for Riverside Red Bulls : RHP Jack Walker
Batting: SHB Glenn Vadnais 0-0: Ball
1-0: Ball
2-0: Fly out, F9 (Line Drive, 9M)
Batting: RHB Mike Wright 0-0: Ball
1-0: Foul Ball, location: 2F
1-1: Swinging Strike
1-2: Strikes out swinging
Batting: LHB Rusty Herbert 0-0: Ball
1-0: Ball
2-0: Called Strike
2-1: Ground out U3 (Groundball, 3)
Bottom of the 6th over - 0 run(s), 0 hit(s), 0 error(s), 0 left on base; Riverside 3 - Bismark 1
TOP OF THE 7TH
Riverside Red Bulls batting - Pitching for Bismark Border Guards : RHP Beau Murphy
Batting: RHB William Richardson 0-0: Ball
1-0: Ball
2-0: Foul Ball, location: 2F
2-1: Foul Ball, location: 2F
2-2: Foul Ball, location: 2F
2-2: Ground out 5-3 (Groundball, 5L)
Batting: RHB Dan Williams 0-0: Ground out U3 (Groundball, 3)
Batting: RHB Brandon Pope 0-0: Swinging Strike
0-1: Ground out 5-3 (Groundball, 56S)
Top of the 7th over - 0 run(s), 0 hit(s), 0 error(s), 0 left on base; Riverside 3 - Bismark 1
BOTTOM OF THE 7TH
Bismark Border Guards batting - Pitching for Riverside Red Bulls : RHP Jack Walker
Pitching: RHP Paco Ríos
Batting: RHB José Cintrón 0-0: Ball
1-0: Called Strike
1-1: Ball
2-1: Ball
3-1: Called Strike
3-2: Ground out 5-3 (Groundball, 56)
Batting: RHB Alejandro Ramos 0-0: Ball
1-0: Ground out 6-3 (Groundball, 6)
Batting: RHB Salvador Borbón 0-0: Called Strike
0-1: Ball
1-1: Fly out, F6 (Line Drive, 6)
Bottom of the 7th over - 0 run(s), 0 hit(s), 0 error(s), 0 left on base; Riverside 3 - Bismark 1
TOP OF THE 8TH
Riverside Red Bulls batting - Pitching for Bismark Border Guards : RHP Beau Murphy
Batting: RHB Kevin Brown 0-0: Swinging Strike
0-1: Foul Ball, location: 2F
0-2: Foul Ball, location: 2F
0-2: Strikes out swinging
Pitching: RHP Royce Saunders
Batting: RHB Soshu Nakamura 0-0: Foul Ball, location: 2F
0-1: Fly out, F8 (Flyball, 8RM)
Batting: RHB Kelly Jones 0-0: Ball
1-0: Fly out, F3 (Line Drive, 34)
Top of the 8th over - 0 run(s), 0 hit(s), 0 error(s), 0 left on base; Riverside 3 - Bismark 1
BOTTOM OF THE 8TH
Bismark Border Guards batting - Pitching for Riverside Red Bulls : RHP Paco Ríos
Batting: RHB Tomás Carranza 0-0: Ball
1-0: SINGLE (Line Drive, 8RS)
Pitching: RHP Mike Stabler
Batting: RHB Aaron Holt 0-0: Called Strike
0-1: Foul Ball, location: 2F
0-2: Foul Ball, location: 2F
0-2: Ball
1-2: Strikes out swinging
Pitching: LHP Pedro Veláquez
Batting: LHB Jim Jensen 0-0: Ball
1-0: Ball
2-0: Called Strike
2-1: 2-RUN HOME RUN (Line Drive, 9D), Distance : 371 ft
Batting: SHB Glenn Vadnais 0-0: Swinging Strike
0-1: Ground out 5-3 (Groundball, 5)
Batting: RHB Mike Wright 0-0: Ball
1-0: Foul Ball, location: 2F
1-1: Foul Ball, location: 2F
1-2: Fly out, F8 (Flyball, 8LM)
Bottom of the 8th over - 2 run(s), 2 hit(s), 0 error(s), 0 left on base; Riverside 3 - Bismark 3
TOP OF THE 9TH
Riverside Red Bulls batting - Pitching for Bismark Border Guards : RHP Royce Saunders
Pitching: RHP Arthur Green
Pinch Hitting: LHB Jorge Meléndez 0-0: Foul Ball, location: 2F
0-1: Ball
1-1: Ball
2-1: Ball
3-1: Base on Balls
Batting: RHB Júlio García 0-0: Ball
1-0: Bunted foul
1-1: Ball
2-1: Sac Bunt - play at first, batter OUT! 1-4
Jorge Meléndez to second
Batting: LHB Paco Rivera 0-0: Intentional Walk
Batting: RHB William Richardson 0-0: Ball
1-0: Foul Ball, location: 2F
1-1: Called Strike
Paco Rivera steals 2nd base
Jorge Meléndez to third
1-2: Ball
2-2: Foul Ball, location: 2F
2-2: Foul Ball, location: 2F
2-2: Ball
3-2: Intentional Walk
Pinch Hitting: RHB Bud Major 0-0: Foul Ball, location: 2F
0-1: Foul Ball, location: 2F
0-2: Strikes out swinging
Batting: RHB Brandon Pope 0-0: Called Strike
0-1: DOUBLE (Line Drive, 56D)
Jorge Meléndez scores
Paco Rivera scores
William Richardson to third
Runner from 3rd tries for Home, SAFE, no throw or cutoff
Batting: RHB Kevin Brown 0-0: Ball
1-0: Fly out, F3 (Popup, 3F)
Top of the 9th over - 3 run(s), 1 hit(s), 0 error(s), 1 left on base; Riverside 6 - Bismark 3
BOTTOM OF THE 9TH
Bismark Border Guards batting - Pitching for Riverside Red Bulls : LHP Pedro Veláquez
Pitching: RHP Rick Haynes
Now in CF: Bud Major
Now in RF: Jorge Meléndez
Batting: LHB Rusty Herbert 0-0: Fly out, F8 (Flyball, 8RD)
Batting: RHB José Cintrón 0-0: Ball
1-0: Ground out 4-3 (Groundball, 4)
Batting: RHB Alejandro Ramos 0-0: SINGLE (Groundball, 25) (infield hit)
Batting: RHB Salvador Borbón 0-0: Ball
1-0: Swinging Strike
1-1: Ball
2-1: Swinging Strike
2-2: Ball
3-2: Base on Balls
Alejandro Ramos to second
Pinch Hitting: RHB José Gómez 0-0: Ball
1-0: Called Strike
1-1: Swinging Strike
1-2: Ball
2-2: Ball
3-2: DOUBLE (Flyball, 89D)
Alejandro Ramos scores
Salvador Borbón to third
Salvador Borbón scores
Pinch Hitting: LHB Nelson Peña 0-0: Ground out 5-3 (Groundball, 5S)
Bottom of the 9th over - 2 run(s), 2 hit(s), 0 error(s), 1 left on base; Riverside 6 - Bismark 5
This league is powered by Out of the Park Baseball, the baseball management simulation game for PC, Mac and Linux
Saturday, April 9th, 2016 - OOTP Baseball 16.8 Build 38